 Dungeon Crawl Stone Soup version 0.30-a0-12-gd8047c6341 (webtiles) character file.

Game seed: 7727876142153592045

2919 SensoryNuts the Cleaver (level 9, -18/85 HPs)
             Began as a Hill Orc Fighter on Aug 23, 2022.
             Demolished by gregwegmann's ghost (20 damage)
             ... on level 7 of the Dungeon.
             The game lasted 00:08:32 (7276 turns).

SensoryNuts the Cleaver (Hill Orc Fighter)          Turns: 7276, Time: 00:08:32

Health: -18/85     AC: 11    Str: 17    XL:     9   Next: 79%
Magic:  9/9        EV: 10    Int:  8    God:
Gold:   352        SH: 11    Dex: 14    Spells: 8/8 levels left

rFire   . . .      SeeInvis .    a - +0 war axe
rCold   . . .      Faith    .    c - +1 buckler
rNeg    . . .      Spirit   .    b - +0 scale mail
rPois   +          Reflect  +    (no helmet)
rElec   .          Harm     .    (no cloak)
rCorr   .          Rampage  .    i - +0 pair of gloves
Will    .....      Rage     3%   r - +1 pair of boots
Stlth   ..........               y - amulet of reflection
HPRegen 0.24/turn                o - ring of poison resistance
MPRegen 0.11/turn                (no ring)

@: mighty, on berserk cooldown, slowed, very slow
A: berserk 1, robust 1, weak 1, MP-powered wands
a: no special abilities


You were on level 7 of the Dungeon.
You visited 2 branches of the dungeon, and saw 8 of its levels.

You collected 352 gold pieces.

Inventory:

Hand Weapons
 a - a +0 war axe (weapon)
Missiles
 g - a throwing net (quivered)
Armour
 b - a +0 scale mail (worn)
 c - a +1 buckler (worn)
 i - a +0 pair of gloves (worn)
 r - a +1 pair of boots (worn)
Jewellery
 o - a ring of poison resistance (left hand)
 y - an amulet of reflection (around neck)
Wands
 d - a wand of flame (26)
 f - a wand of iceblast (11)
 z - a wand of mindburst (15)
Scrolls
 h - 4 scrolls of fear
 l - a scroll of enchant armour
 p - 2 scrolls of teleportation
 q - a scroll of immolation
 x - a scroll of poison
Potions
 e - 2 potions of mutation
 k - 2 potions of brilliance
 s - a potion of might
 v - a potion of curing
 w - 3 potions of flight
 C - a potion of attraction {unknown}


   Skills:
 + Level 6.6 Fighting
 * Level 12.9 Axes
 + Level 6.6 Armour
 + Level 1.8 Dodging
 + Level 1.0 Stealth
 + Level 5.9 Shields


You had 8 spell levels left.
You didn't know any spells.
Your spell library contained the following spells:

 Spells                   Type           Power      Damage    Failure   Level
 Apportation              Tloc           0%         N/A       86%         1
 Blink                    Tloc           0%         N/A       94%         2
 Gell's Gravitas          Tloc           0%         N/A       99%         3
 Portal Projectile        Hex/Tloc       0%         N/A       99%         3
 Teleport Other           Tloc           0%         N/A       99%         3
 Tukima's Dance           Hex            0%         N/A       99%         3
 Alistair's Intoxication  Tmut/Pois      0%         N/A       100%        5
 Blade Hands              Tmut           0%         N/A       100%        5
 Manifold Assault         Tloc           0%         N/A       100%        5
 Summon Forest            Summ/Tloc      0%         N/A       100%        5
 Summon Mana Viper        Hex/Summ       0%         N/A       100%        5
 Dispersal                Tloc           0%         N/A       100%        6
 Summon Cactus Giant      Summ           0%         N/A       100%        6
 Storm Form               Tmut/Air       0%         N/A       100%        7


Dungeon Overview and Level Annotations

Branches:
Dungeon (7/15)             Temple (1/1) D:4

Altars:
Cheibriados
Dithmenos
Elyvilon
Fedhas
Gozag
Hepliaklqana
Nemelex Xobeh
Okawaru
Ru
Sif Muna
Trog
Uskayaw
Vehumet
Wu Jian
Xom
Yredelemnul
Zin
The Shining One

Shops:
D:2 =

Annotations:
D:7 gregwegmann's ghost, novice FoFi


Innate Abilities, Weirdness & Mutations

You sometimes lose your temper in combat.
You are robust. (+10% HP)
You are weak. (Str -2)
You expend magic power (3 MP) to strengthen your wands.


Message History

Gregwegmann's ghost screams, "They lied to you.
The Dungeon just goes down and down forever."
You block gregwegmann's ghost's attack.
Unknown command.
You barely miss gregwegmann's ghost.
Gregwegmann's ghost is almost destroyed.
Gregwegmann's ghost hits you.
Unknown command.
You hit gregwegmann's ghost.
Gregwegmann's ghost is almost destroyed.
You block gregwegmann's ghost's attack.
Unknown command.
You hit gregwegmann's ghost but do no damage.
Gregwegmann's ghost is almost destroyed.
Gregwegmann's ghost hits you but does no damage.
You hit gregwegmann's ghost.
Gregwegmann's ghost is almost destroyed.
Gregwegmann's ghost hits you but does no damage.
Gregwegmann's ghost closely misses you.
You closely miss gregwegmann's ghost.
Gregwegmann's ghost is almost destroyed.
You block gregwegmann's ghost's attack.
You hit gregwegmann's ghost but do no damage.
Gregwegmann's ghost is almost destroyed.
Gregwegmann's ghost hits you but does no damage.
You are electrocuted!!
* * * LOW HITPOINT WARNING * * *
You hit gregwegmann's ghost.
Gregwegmann's ghost is almost destroyed.
Gregwegmann's ghost hits you but does no damage.
You barely miss gregwegmann's ghost.
Gregwegmann's ghost is almost destroyed.
You block gregwegmann's ghost's attack. Gregwegmann's ghost hits you.
* * * LOW HITPOINT WARNING * * *
You are electrocuted!!
* * * LOW HITPOINT WARNING * * *
Okay, then.
You feel very mighty all of a sudden.
Gregwegmann's ghost hits you but does no damage.
You are electrocuted!!
You die...

...###....###..#######.......#
...###.......................#
.....#.......................#
.....#.............."...PP...#
.....#........#..#####..._...#
##...#....######..........P..#
##...#.......###............##
.....###.....#...........####
.....'.+.....'..@....>..##
.....###....###'W'###...#
.....# #....#.......#...#
..#### #######..$..##...# ###
#.......#...# ##..[[.##...#
#..#.#..##### #########


You could see gregwegmann's ghost.

Vanquished Creatures
  A spectral unseen horror (D:7)
  An unseen horror skeleton (D:7)
  2 steam dragons (D:7)
  Edmund (D:6)
  2 ice beasts
  2 black bears (D:7)
  2 ogres (D:7)
  A centaur (D:7)
  2 bullfrogs
  2 necrophages
  2 gnoll sergeants (D:7)
  3 scorpions
  2 spectral centaurs (D:7)
  4 hounds
  A jelly (D:5)
  5 orc priests
  3 iguanas
  4 orc wizards
  A spectral killer bee (D:7)
  15 gnolls
  3 adders
  A shadow imp (D:5)
  3 white imps
  3 ufetubi
  2 worms
  2 dart slugs (D:1)
  7 orcs
  8 ball pythons
  6 bats
  4 endoplasms
  3 giant cockroaches
  5 goblins
  2 hobgoblins (D:1)
  2 jackals (D:5)
  7 kobolds
  8 quokkas
  3 frilled lizards
  4 rats
129 creatures vanquished.

Notes
Turn   | Place    | Note
-------+----------+-------------------------------------------
     0 | D:1      | SensoryNuts the Hill Orc Fighter began the quest for the
                  | Orb.
     0 | D:1      | Reached XP level 1. HP: 19/19 MP: 1/1
   100 | D:1      | Reached XP level 2. HP: 27/27 MP: 2/2
   258 | D:1      | Reached skill level 3 in Axes
   318 | D:1      | Reached XP level 3. HP: 33/33 MP: 3/3
   630 | D:2      | Found Tianuf's Jewellery Shoppe.
   706 | D:2      | Reached skill level 4 in Axes
   902 | D:2      | You fall into a shaft and drop 1 floor!
   967 | D:3      | Reached XP level 4. HP: 35/40 MP: 4/4
   979 | D:3      | HP: 2/40 [gnoll/+0 halberd (7)]
  1613 | D:3      | Identified the +3 leather armour of Rastreenu {-Cast Harm
                  | Regen+ Str+5}
  1720 | D:3      | Reached skill level 5 in Axes
  1722 | D:3      | Reached XP level 5. HP: 43/46 MP: 5/5
  2190 | D:4      | Found a staircase to the Ecumenical Temple.
  2232 | Temple   | Entered the Ecumenical Temple
  2590 | D:4      | Reached skill level 6 in Axes
  2591 | D:4      | Reached XP level 6. HP: 25/52 MP: 6/6
  3386 | D:4      | Found a hazy altar of Hepliaklqana.
  3720 | D:4      | Gained mutation: You are weak. (Str -2) [potion of
                  | mutation]
  3720 | D:4      | Gained mutation: You sometimes lose your temper in combat.
                  | [potion of mutation]
  3720 | D:4      | Gained mutation: You expend magic power (3 MP) to
                  | strengthen your wands. [potion of mutation]
  3720 | D:4      | Gained mutation: You are robust. (+10% HP) [potion of
                  | mutation]
  3827 | D:5      | Entered Level 5 of the Dungeon
  3838 | D:5      | Reached skill level 7 in Axes
  3879 | D:5      | Found a snail-covered altar of Cheibriados.
  4135 | D:5      | Reached XP level 7. HP: 44/64 MP: 7/7
  4140 | D:5      | Reached skill level 5 in Armour
  4366 | D:5      | Reached skill level 8 in Axes
  5158 | D:6      | Noticed Edmund
  5171 | D:6      | Killed Edmund
  5172 | D:6      | Reached skill level 9 in Axes
  5172 | D:6      | Reached skill level 1 in Dodging
  5173 | D:6      | Reached XP level 8. HP: 73/73 MP: 8/8
  5173 | D:6      | Found a glowing golden altar of the Shining One.
  5297 | D:6      | Reached skill level 5 in Fighting
  5310 | D:6      | Reached skill level 10 in Axes
  6267 | D:7      | Noticed gregwegmann's ghost (novice FoFi)
  6267 | D:7      | Noticed a spectral unseen horror
  6268 | D:7      | Found a runed translucent gate.
  6268 | D:7      | Found a runed translucent gate.
  6268 | D:7      | Found a runed translucent gate.
  6278 | D:7      | Found a bloodstained altar of Trog.
  6288 | D:7      | Reached skill level 11 in Axes
  6418 | D:7      | Reached skill level 5 in Shields
  6418 | D:7      | Reached XP level 9. HP: 76/82 MP: 9/9
  6471 | D:7      | Reached skill level 1 in Stealth
  6685 | D:7      | Reached skill level 12 in Axes
  7260 | D:7      | Killed a spectral unseen horror
  7275 | D:7      | HP: 1/85 [gregwegmann's ghost (18)]
  7276 | D:7      | Demolished by gregwegmann's ghost

Illustrated notes

Levels and vault maps discovered:
D:1:      lightli_iron_boxes, layout_rooms
D:2:      layout_rooms, serial_shops, nicolae_diamond_shop
D:3:      layout_basic
D:4:      layout_basic, kennysheep_mini_moat, temple_pool_b
D:5:      layout_basic, overflow_temple_1_default, mainiacjoe_overflow_alcove_2,
          gup_sewer_entry_spiral, chequers_serial_rivers_micro_c
D:6:      layout_rooms, mainiacjoe_overflow_brackets, uniq_edmund
D:7:      layout_basic, trog_ov_bears_minmay, gammafunk_ghost_necromancy,
          st_stairs_7, kb_lookout_dungeons_type, due_unseen_surprise
Temple:   nicolae_temple_bog_church

Skill      XL: |  1  2  3  4  5  6  7  8  9 |
---------------+----------------------------+-----
Axes           | 3 4 5 6 7 9 11 12 | 12.9
Armour         | 4 5 6 |  6.6
Fighting       | 4 5 6 |  6.6
Shields        | 4 5 |  5.9
Dodging        | 1 |  1.8
Stealth        | 1 |  1.0

Action                   |  1- 3 |  4- 6 |  7- 9 || total
-------------------------+-------+-------+-------++-------
Melee: War axe           |   101 |   121 |   285 ||   507
  Use: Scroll            |       |     9 |     2 ||    11
       Potion            |       |     9 |     5 ||    14
Armor: Scale mail        |    53 |    53 |   113 ||   219
Dodge: Dodged            |    52 |    61 |    90 ||   203
Block: Buckler           |    23 |    40 |   126 ||   189
       Reflection        |       |       |     4 ||     4

Table legend: (Time is in decaauts)
 A = Elapsed time spent in this place.
 B = Non-inter-level travel time spent in this place.
 C = Inter-level travel time spent in this place.
 D = Time resting spent in this place.
 E = Time spent auto-exploring this place.
 F = Levels seen in this place.
 G = Mean time per level.
                   A        B        C        D        E       F      G
               +--------+--------+--------+--------+--------+-----+--------+
         Total |   7463 |   6886 |    577 |     77 |   5608 |   8 |  932.9 |
       Dungeon |   7281 |   6735 |    546 |     77 |   5471 |   7 | 1040.1 |
        Temple |    181 |    150 |     31 |      0 |    136 |   1 |  181.0 |
               +--------+--------+--------+--------+--------+-----+--------+

Top non-repeatable levels by time:
     D:4: 1499 daAuts
     D:7: 1319 daAuts
     D:3: 1147 daAuts
     D:5: 1129 daAuts
     D:6: 1115 daAuts
     D:1: 630 daAuts
     D:2: 439 daAuts
  Temple: 181 daAuts
